 Dungeon Crawl Stone Soup version 0.19-a0-1065-gdac414d (webtiles) character file.

44 4thArraOfDagon the Ruffian (level 3, -1/31 HPs)
             Began as a Troll Air Elementalist on Aug 3, 2016.
             Killed from afar by an orc wizard (9 damage)
             ... with a magic dart
             ... on level 4 of the Dungeon.
             The game lasted 00:01:33 (476 turns).

4thArraOfDagon the Ruffian (Troll Air Elementalist)  Turns: 476, Time: 00:01:34

Health: -1/31      AC:  5    Str: 16    XL:     3   Next: 41%
Magic:  3/3        EV: 10    Int: 12    God:
Gold:   47         SH:  0    Dex: 10    Spells: 1 memorised, 3 levels left

rFire  . . .     SeeInvis .       - Unarmed
rCold  . . .     Gourm    +     a - +0 robe
rNeg   . . .     Faith    .     (no shield)
rPois  .         Spirit   .     m - +0 hat
rElec  .         Dismiss  .     (no cloak)
rCorr  .         Reflect  .     (gloves unavailable)
SustAt .         Harm     .     (boots unavailable)
MR     .....                    (no amulet)
Stlth  +.........               (no ring)
                                (no ring)

@:
A: unfitting armour, claws 3, talons 1, fast metabolism 3, gourmand,
regeneration 2, shaggy fur 1, tough skin 2
a: no special abilities


You were on level 4 of the Dungeon.
You were near starving.

You visited 1 branch of the dungeon, and saw 4 of its levels.

You collected 47 gold pieces.

Inventory:

Armour
 a - a +0 robe (worn)
 m - a +0 hat (worn)
Wands
 l - a wand of enslavement (13/24)
Scrolls
 d - 2 scrolls of fear {unknown}
 i - a scroll of identify {unknown}
 n - a scroll of remove curse {unknown}
Potions
 f - a potion of beneficial mutation
 g - a potion of degeneration {unknown}
 h - a potion of magic {unknown}
 j - a potion of mutation {unknown}
Books
 b - a book of Air

   Spells                             Type                      Level
   a - Shock                          Conjuration/Air              1
   b - Swiftness                      Charms/Air                   2
   c - Repel Missiles                 Charms/Air                   2
   d - Static Discharge               Conjuration/Air              3
   e - Lightning Bolt                 Conjuration/Air              5
Comestibles
 c - 3 bread rations
 k - a slice of pizza


   Skills:
 - Level 1.5 Dodging
 - Level 1.1 Stealth
 * Level 3.1 Unarmed Combat
 - Level 1.2 Spellcasting
 - Level 0.6 Conjurations
 - Level 2.0 Air Magic


You had 3 spell levels left.
You knew the following spells:

 Your Spells              Type           Power        Failure   Level  Hunger
a - Shock                 Conj/Air       #...         17%         1    ##.....


Dungeon Overview and Level Annotations

Branches:
Dungeon (4/15)
 Temple: D:4-7

Altars:


Innate Abilities, Weirdness & Mutations

You are too large for most types of armour.
You have claws for hands.
Your metabolism is lightning-fast.
You like to eat raw meat.
You heal very quickly.
You are covered in fur. (AC +1)
You have very tough skin. (AC +2)
You have sharp toenails.


Message History

You barely miss something. Something hits you.
You completely miss something. Your kick misses something.
You hear some strange, mumbled words.
A magic dart appears from out of thin air!
The magic dart hits you!
You are near starving!
You miss something. You claw something. Something hits you but does no damage.
You scratch something.
You hear some strange, mumbled words.
Something tries to affect you, but you resist.
You miss something.
You hear some strange, mumbled words.
A magic dart appears from out of thin air!
The magic dart hits you!
* * * LOW HITPOINT WARNING * * *
You barely miss something. You claw something.
You hear some strange, mumbled words.
A magic dart appears from out of thin air!
The magic dart hits you!
You die...

# ####..######
#.##########....##
..>...#.........#
#......#####..#
###....# #..#
#.....# #..#
#.....# ##..
##.....# ..#
#.{@...# ..#
#......# ##......#
#.)....)#
#.[##..##
#.(###### #..#
#...# #...#


There were no monsters in sight!

Vanquished Creatures
  Robin (D:3)
  A giant gecko (D:2)
  2 orcs (D:4)
  A bat (D:1)
  A giant cockroach (D:3)
  11 goblins
  3 hobgoblins
  4 jackals (D:1)
  A kobold (D:2)
  2 rats
27 creatures vanquished.

Notes
Turn   | Place    | Note
-------+----------+-------------------------------------------
     0 | D:1      | 4thArraOfDagon the Troll Air Elementalist began the quest for the Orb.
     0 | D:1      | Reached XP level 1. HP: 16/16 MP: 1/1
    60 | D:1      | Reached skill level 1 in Unarmed Combat
    78 | D:1      | Reached XP level 2. HP: 24/24 MP: 2/2
   132 | D:2      | Reached skill level 2 in Unarmed Combat
   224 | D:3      | Noticed Robin
   237 | D:3      | Reached XP level 3. HP: 26/31 MP: 3/3
   242 | D:3      | Killed Robin
   242 | D:3      | Reached skill level 3 in Unarmed Combat
   469 | D:4      | Gained mutation: You have sharp toenails. [potion of beneficial mutation]
   476 | D:4      | Killed from afar by an orc wizard

Vault maps used:
D:1:      lightli_arrival_isolated_outpost
D:2:      first_bread, minmay_tree_intersection, nrook_loot_triangle,
          nicolae_ru_sacrificial_ziggurat
D:3:      ecumenical_altar_2, grunt_ministairs_11, uniq_robin
D:4:      kennysheep_generic_room_3

Skill      XL: |  1  2  3 |
---------------+----------+-----
Unarmed Combat | 1 2 3 |  3.1
Dodging        | |  1.5
Stealth        | |  1.1
Spellcasting   | |  1.2
Conjurations   | |  0.6
Air Magic      | |  2.0

Action                   || total
-------------------------++-------
Melee: Unarmed           ||    89
       Kick              ||     2
  Use: Potion            ||     2
 Stab: Sleeping          ||     1
Armor: Robe              ||    30
Dodge: Dodged            ||    39
